AoeStats
← 买彩票刮出欠条

Black Forest

507452608Analyzed
3v3 RM · 15d ago on Sep 18, 2026· 48m 16s· 6 players
Game mode
Random Map
Map size
Normal (6 player)
Population
200
Speed
Normal
Resources
Standard
Victory
Conquest
Starting age
Dark Age
Ending age
Imperial Age
RankedLock teamsTeams togetherTeam positionsShared explorationLock speedFull tech treeHidden civsTurbo modeCheats
Victory
Defeat
🇧🇾 Magyars · Belarus
1509
+10
🇷🇺 Koreans · Russia
1444
+13
🇬🇪 Slavs · Georgia
1424
+14
🇩🇪 Persians · Germany
1408
-14
🇦🇷 Ethiopians · Argentina
1377
-12
🇨🇳 Celts · China
1342
-11
Bobo
10:53 Loom
13:12 Feudal Age
13:08 Man-at-Arms
14:44 Double-Bit Axe
17:11 Horse Collar
21:26 Wheelbarrow
25:37 Castle Age
25:38 Bloodlines
37:44 Heavy Plow
38:05 Bow Saw
41:36 Imperial Age
39:22 Scale Barding Armor
39:49 Husbandry
40:00 Forging
39:55 Gold Mining
40:32 Hand Cart
40:48 Chain Barding Armor
40:26 Town Watch
41:45 Iron Casting
42:26 Plate Barding Armor
41:25 Heavy Camel Rider
43:38 Blast Furnace
44:00 Gold Shaft Mining
44:26 Two-Man Saw
43:18 Fletching
43:28 Padded Archer Armor
43:04 Light Cavalry
43:38 Crossbowman
44:23 Thumb Ring
Cleopatra
1:23 Loom
11:14 Feudal Age
15:04 Castle Age
12:53 Horse Collar
12:59 Double-Bit Axe
19:54 Wheelbarrow
25:03 Scale Mail Armor
25:25 Forging
27:42 Gold Mining
29:10 Bow Saw
29:48 Iron Casting
29:29 Chain Mail Armor
30:02 Heavy Plow
33:31 Imperial Age
31:03 Fletching
31:14 Padded Archer Armor
31:02 Crossbowman
32:07 Bodkin Arrow
32:52 Leather Archer Armor
33:05 Thumb Ring
34:06 Ballistics
34:16 Bracer
33:47 Arbalester
36:19 Capped Ram
37:40 Plate Mail Armor
37:31 Onager
39:45 Two-Man Saw
39:57 Chemistry
39:18 Elite Skirmisher
40:47 Gold Shaft Mining
40:03 Stone Mining
40:36 Hand Cart
41:10 Ring Archer Armor
42:05 Conscription
43:02 Halberdier
46:29 Blast Furnace
44:54 Elite Shotel Warrior
45:39 Torsion Engines
46:12 Siege Ram
买彩票刮出欠条
0:44 Loom
11:52 Feudal Age
15:40 Castle Age
13:45 Double-Bit Axe
13:46 Horse Collar
16:52 Bow Saw
17:33 Heavy Plow
22:37 Gold Mining
23:41 Stone Mining
26:45 Gold Shaft Mining
27:14 Wheelbarrow
27:31 Pikeman
32:22 Imperial Age
31:02 Scale Mail Armor
31:12 Forging
32:41 Halberdier
34:31 Chain Mail Armor
34:52 Iron Casting
35:01 Stone Shaft Mining
35:05 Hand Cart
34:20 Onager
36:05 Plate Mail Armor
36:00 Conscription
36:24 Siege Engineers
36:37 Fortified Wall
36:25 Arrowslits
37:26 Stronghold
38:07 Ballistics
39:43 Blast Furnace
39:30 Siege Onager
43:16 Fletching
OLADUSHEK
0:43 Loom
9:39 Feudal Age
10:18 Double-Bit Axe
15:20 Town Watch
17:09 Wheelbarrow
21:11 Castle Age
19:14 Horse Collar
20:01 Bloodlines
21:04 Scale Barding Armor
21:14 Light Cavalry
22:24 Bow Saw
22:14 Heavy Plow
22:51 Gold Mining
23:25 Husbandry
23:45 Heavy Plow
28:53 Hand Cart
30:57 Fletching
33:42 Imperial Age
31:11 Stone Mining
31:58 Gold Shaft Mining
31:56 Bodkin Arrow
32:01 Padded Archer Armor
32:23 Treadmill Crane
33:27 Thumb Ring
33:51 Heavy Cavalry Archer
35:51 Parthian Tactics
35:50 Leather Archer Armor
35:38 Bracer
36:20 Leather Archer Armor
36:18 Recurve Bow
36:46 Conscription
37:59 Ballistics
38:39 Town Patrol
39:10 Ring Archer Armor
38:47 Caravan
39:18 Coinage
39:59 Two-Man Saw
39:30 Crop Rotation
40:39 Chemistry
40:44 Chain Barding Armor
41:33 Siege Engineers
41:57 Masonry
42:20 Banking
43:08 Plate Barding Armor
43:25 Elite Magyar Huszar
46:48 Hoardings
47:19 Sappers
47:58 Corvinian Army
SiraZaika
0:26 Loom
12:21 Feudal Age
13:26 Town Watch
18:18 Castle Age
16:19 Double-Bit Axe
17:04 Horse Collar
21:42 Wheelbarrow
24:16 Bow Saw
29:04 Fletching
33:08 Imperial Age
30:53 Scale Mail Armor
31:03 Forging
30:50 Gold Mining
31:38 Bodkin Arrow
33:58 Bracer
35:32 Chemistry
35:04 Hand Cart
35:43 Ballistics
36:06 Thumb Ring
36:38 Conscription
37:24 Caravan
39:01 Eupseong
40:52 Elite War Wagon
47:47 Gold Shaft Mining
47:03 Stone Mining
MeowMe
5:40 Loom
12:07 Feudal Age
16:07 Castle Age
13:57 Double-Bit Axe
13:55 Horse Collar
17:36 Bow Saw
19:38 Wheelbarrow
24:09 Heavy Plow
24:59 Hand Cart
26:14 Detinets
26:53 Gold Mining
26:53 Stone Mining
28:12 Town Watch
28:43 Scale Barding Armor
32:16 Imperial Age
29:47 Town Patrol
31:55 Chain Barding Armor
32:31 Gold Shaft Mining
32:13 Forging
31:54 Fletching
33:47 Plate Barding Armor
35:32 Conscription
34:34 Elite Boyar
35:14 Druzhina
34:51 Onager
36:05 Bloodlines
35:55 Husbandry
36:38 Coinage
37:17 Iron Casting
36:38 Bodkin Arrow
38:08 Siege Onager
39:30 Banking
39:01 Caravan
42:36 Blast Furnace
41:13 Pikeman
41:53 Squires
Connection lost

Rejoining the realm…

Still unreachable

The connection could not be restored.

Session expired

The server has moved on; the page needs a fresh start.